 Dungeon Crawl Stone Soup version 0.19.0-19-g8c6edcc (webtiles) character file.

178 BorisBritva the Poker (level 5, 0/41 HPs)
             Began as a Demonspawn Gladiator on Nov 14, 2016.
             Slain by Mlkhall's ghost (4 damage)
             ... on level 4 of the Dungeon.
             The game lasted 00:07:32 (3126 turns).

BorisBritva the Poker (Demonspawn Gladiator)        Turns: 3126, Time: 00:07:34

Health: 0/41       AC:  3    Str: 17    XL:     5   Next: 32%
Magic:  5/5        EV: 13    Int:  9    God:
Gold:   93         SH:  0    Dex: 13    Spells: 0 memorised, 4 levels left

rFire  + . .     SeeInvis .     a - +0 trident
rCold  . . .     Gourm    .     b - +0 leather armour
rNeg   . . .     Faith    .     (no shield)
rPois  .         Spirit   .     (helmet restricted)
rElec  .         Reflect  .     (no cloak)
rCorr  .         Harm     .     (no gloves)
MR     .....                    (no boots)
Stlth  +.........               (no amulet)
                                q - ring of protection from fire
                                c - ring of flight

@: lethally poisoned (0 -> -9), about to teleport
A: horns 2, powered by death 1
a: Evoke Flight


You were on level 4 of the Dungeon.
You were not hungry.

You visited 1 branch of the dungeon, and saw 5 of its levels.

You collected 93 gold pieces.

Inventory:

Hand Weapons
 a - a +0 trident (weapon)
Missiles
 d - 3 throwing nets (quivered)
Armour
 b - a +0 leather armour (worn)
Jewellery
 c - a ring of flight (left hand)
 q - a ring of protection from fire (right hand)
 r - an uncursed ring of stealth {unknown}
Scrolls
 e - a scroll of teleportation
 g - a scroll of identify
 h - a scroll of magic mapping
 k - 2 scrolls of fog
 n - a scroll of remove curse
 p - a scroll of fear {unknown}
Potions
 i - a potion of agility {unknown}
 j - 2 potions of curing {unknown}
 s - a potion of invisibility {unknown}
Comestibles
 f - 3 bread rations
 l - 4 fruits
 m - a meat ration


   Skills:
 * Level 3.0 Fighting
 + Level 4.0 Polearms
 + Level 1.8 Throwing
 + Level 1.6 Armour
 + Level 3.4 Dodging


You had 4 spell levels left.
You didn't know any spells.

Dungeon Overview and Level Annotations

Branches:
Dungeon (5/15)             Temple (0/1) D:5

Altars:
Ashenzari
Zin

Shops:
D:2 *

Annotations:
D:4 Mlkhall's ghost, amateur OpCj


Innate Abilities, Weirdness & Mutations

You have a pair of horns on your head.
You regenerate a little health from kills.


Message History

You feel strangely unstable.
You feel sick.
Mlkhall's ghost hits you but does no damage.
You are more poisoned.
You are too injured to fight recklessly!
You are too injured to fight recklessly!
You are too injured to fight recklessly!
You closely miss Mlkhall's ghost.
Mlkhall's ghost is moderately damaged.
* * * LOW HITPOINT WARNING * * *
You feel sick. Mlkhall's ghost casts a spell at you. The magic dart hits you!
* * * LOW HITPOINT WARNING * * *
You hit Mlkhall's ghost.
Mlkhall's ghost is heavily damaged.
* * * LOW HITPOINT WARNING * * *
You feel sick.
Mlkhall's ghost screams, "Zot is a myth, the ORB is a fable, you'll soon be a tale!"
Mlkhall's ghost closely misses you. Mlkhall's ghost hits you.
You die...

####.# #..#.# #..#.###
#..#.#.. #######..#.#.###
.........#.#.#..
#######..#.#.#.##########
#######.##.#.#.#........#
.......>.....#.#@######.#
#.########.###.#W#......#
#.......#.######
####W####.# #.####.#
#......# ########


You could see Mlkhall's ghost.

Vanquished Creatures
  A jelly (D:4)
  A worker ant (D:4)
  5 adders
  3 worms
  4 dart slugs
  3 leopard geckos (D:1)
  2 giant cockroaches
  6 goblins
  5 hobgoblins
  A jackal (D:1)
  11 kobolds
  A ball python (D:3)
  4 bats
  3 frilled lizards
  17 rats
67 creatures vanquished.

Notes
Turn   | Place    | Note
-------+----------+-------------------------------------------
     0 | D:1      | BorisBritva the Demonspawn Gladiator began the quest for the Orb.
     0 | D:1      | Reached XP level 1. HP: 16/16 MP: 1/1
   236 | D:1      | Gained mutation: You have a pair of small horns on your head. [demonic ancestry]
   236 | D:1      | Reached XP level 2. HP: 11/22 MP: 2/2
   488 | D:1      | Reached skill level 3 in Polearms
   807 | D:1      | Reached XP level 3. HP: 28/28 MP: 3/3
  1683 | D:2      | Found Zin's Purification Station.
  1687 | D:2      | Found a glowing silver altar of Zin.
  1777 | D:2      | Reached skill level 1 in Armour
  1846 | D:2      | Gained mutation: You have a pair of horns on your head. [demonic ancestry]
  1846 | D:2      | Reached XP level 4. HP: 29/34 MP: 4/4
  1888 | D:2      | Found a shattered altar of Ashenzari.
  2834 | D:3      | You fall through a shaft for 2 floors!
  2834 | D:5      | Entered Level 5 of the Dungeon
  2834 | D:5      | Found a staircase to the Ecumenical Temple.
  2915 | D:4      | Gained mutation: You regenerate a little health from kills. [demonic ancestry]
  2915 | D:4      | Reached XP level 5. HP: 33/41 MP: 5/5
  2922 | D:4      | Reached skill level 4 in Polearms
  3113 | D:4      | Noticed Mlkhall's ghost (amateur OpCj)
  3126 | D:4      | Slain by Mlkhall's ghost

Skill      XL: |  1  2  3  4  5 |
---------------+----------------+-----
Polearms       | 3 4 |  4.0
Dodging        | 3 |  3.4
Armour         | 1 |  1.6
Fighting       | 3 |  3.0
Throwing       | |  1.8

Action                   |  1- 3 |  4- 6 || total
-------------------------+-------+-------++-------
Melee: Trident           |   135 |    77 ||   212
       Headbutt          |    11 |    11 ||    22
  Use: Scroll            |     3 |     4 ||     7
 Stab: Sleeping          |     2 |       ||     2
  Eat: Chunk             |     3 |     1 ||     4
       Bread ration      |       |     1 ||     1
Armor: Leather armour    |    24 |     6 ||    30
Dodge: Dodged            |    65 |    37 ||   102
